 Dungeon Crawl Stone Soup version 0.28-a0-1520-gc3277d3759 (webtiles) character file.

Game seed: 6451254909320462147

226 kae the Insei (level 5, -2/38 HPs)
             Began as a Demonspawn Transmuter on Jan 17, 2022.
             Killed from afar by Natasha (6 damage)
             ... with a magic dart
             ... on level 2 of the Dungeon.
             The game lasted 00:01:22 (1932 turns).

kae the Insei (Demonspawn Transmuter)               Turns: 1932, Time: 00:01:23

Health: -2/38      AC:  2    Str: 10    XL:     5   Next: 69%
Magic:  8/9        EV: 12    Int: 16    God:
Gold:   57         SH:  0    Dex: 14    Spells: 1/9 levels left

rFire   . . .      SeeInvis .     - Unarmed
rCold   . . .      Faith    .   (no shield)
rNeg    . . .      Spirit   .   a - +0 robe
rPois   .          Reflect  .   (no helmet)
rElec   .          Harm     .   (no cloak)
rCorr   .          Rampage  .   (no gloves)
Will    .....                   (no boots)
Stlth   +.........              (no amulet)
HPRegen 0.12/turn               (no ring)
MPRegen 0.11/turn               (no ring)

@: very slightly contaminated
A: demonic touch 2
a: no special abilities


You were on level 2 of the Dungeon.
You visited 1 branch of the dungeon, and saw 2 of its levels.

You collected 57 gold pieces.

Inventory:

Armour
 a - a +0 robe (worn)
Potions
 b - a potion of mutation {unknown}


   Skills:
 + Level 2.0 Fighting
 + Level 2.4 Dodging
 * Level 3.6 Unarmed Combat
 + Level 2.6 Spellcasting
 * Level 3.0 Transmutations
 - Level 2.0 Poison Magic


You had one spell level left.
You knew the following spells:

 Your Spells              Type           Power      Damage    Failure   Level
a - Beastly Appendage     Tmut           24%        N/A       5%          1
b - Spider Form           Tmut/Pois      10%        N/A       21%         3
c - Ice Form              Ice/Tmut       7%         N/A       71%         4

Your spell library contained the following spells:

 Spells                   Type           Power      Damage    Failure   Level
 Wereblood                Tmut           12%        N/A       9%          2
 Blink                    Tloc           4%         N/A       30%         2
 Lesser Beckoning         Tloc           2%         N/A       52%         3
 Manifold Assault         Tloc           2%         N/A       99%         5


Dungeon Overview and Level Annotations

Branches:
Dungeon (2/15)

Altars:

Annotations:
D:2 Natasha


Innate Abilities, Weirdness & Mutations

Your touch may inflict irresistible damage on your foes.


Message History

Natasha is nearby!
Casting: Beastly Appendage (safe; 5% risk of failure)
Confirm with . or Enter, or press ? or * to list all spells.
You miscast Beastly Appendage.
You are very lightly contaminated with residual magic.
Nothing appears to happen.
Natasha claws you.
You hit Natasha.
Natasha is lightly wounded.
Natasha claws you.
You are too injured to fight recklessly!
You are too injured to fight recklessly!
You are too injured to fight recklessly!
You barely miss Natasha.
You touch Natasha.
Natasha is heavily wounded.
Natasha barely misses you.
You barely miss Natasha.
Natasha is heavily wounded.
Natasha mumbles some strange words.
You closely miss Natasha. Your touch misses Natasha.
Natasha is heavily wounded.
Natasha claws you.
You completely miss Natasha.
You touch Natasha!
You punch Natasha, but do no damage.
Natasha is almost dead.
The shadow imp grins evilly.
The shadow imp hits you. Natasha claws you.
You hit Natasha. Your touch misses Natasha.
Natasha is almost dead.
The shadow imp hits you.
* * * LOW HITPOINT WARNING * * *
Natasha mumbles some strange words.
Natasha glows brightly for a moment.
Natasha claws you.
* * * LOW HITPOINT WARNING * * *
You completely miss Natasha. You punch Natasha, but do no damage.
Natasha is almost dead.
The shadow imp closely misses you. Natasha casts a spell at you.
The magic dart hits you.
You die...

.... .... ... .. .#
#######.# #. #.....#..
#h###.#.......#.#.#
#.@5#.............#
#...#......^##.:..#
#....#.........##.....
######.........##.....
###.....#.##.....
#.#.#.#.##.....
#####'#+#.#..))....
#....<....).###....
#...........# #....


You could see Natasha and a shadow imp (summoned).

Vanquished Creatures
  Sigmund (D:2)
  Natasha (D:2)
  7 bats
  5 endoplasms
  3 giant cockroaches
  2 goblins (D:1)
  5 hobgoblins
  A quokka (D:1)
  4 ball pythons (D:1)
  4 frilled lizards
  5 kobolds
38 creatures vanquished.

Notes
Turn   | Place    | Note
-------+----------+-------------------------------------------
     0 | D:1      | kae the Demonspawn Transmuter began the quest for the Orb.
     0 | D:1      | Reached XP level 1. HP: 15/15 MP: 3/3
   398 | D:1      | Gained mutation: Your touch may inflict minor irresistible
                  | damage on your foes. [demonic ancestry]
   398 | D:1      | Reached XP level 2. HP: 21/21 MP: 3/5
   469 | D:1      | Found a faded altar of an unknown god.
  1439 | D:2      | Reached XP level 3. HP: 26/26 MP: 4/6
  1446 | D:1      | Learned a level 3 spell: Spider Form
  1690 | D:2      | Noticed Sigmund
  1701 | D:2      | Killed Sigmund
  1702 | D:2      | Reached skill level 1 in Poison Magic
  1702 | D:2      | Gained mutation: Your touch may inflict irresistible damage
                  | on your foes. [demonic ancestry]
  1702 | D:2      | Reached XP level 4. HP: 16/33 MP: 7/7
  1702 | D:2      | Reached XP level 5. HP: 19/38 MP: 8/8
  1877 | D:2      | Learned a level 4 spell: Ice Form
  1890 | D:2      | Noticed Natasha
  1900 | D:2      | Killed Natasha
  1924 | D:2      | Noticed Natasha
  1932 | D:2      | Killed from afar by Natasha

Illustrated notes

Levels and vault maps discovered:
D:1:      dpeg_arrival_simpleton_a, layout_loops_ring,
          shapermc_ecumenical_altar_petra
D:2:      minmay_general_purpose_star, layout_basic, serial_shops, shop_statue,
          uniq_sigmund, uniq_natasha

Skill      XL: |  1  2  3  4  5 |
---------------+----------------+-----
Transmutations | 2 3 |  3.0
Unarmed Combat | 3 |  3.6
Dodging        | 2 |  2.4
Poison Magic   | 1 2 |  2.0
Fighting       | 2 |  2.0
Spellcasting   | |  2.6

Action                   |  1- 3 |  4- 6 || total
-------------------------+-------+-------++-------
Melee: Unarmed           |    90 |    12 ||   102
       Kick              |    12 |     1 ||    13
       Headbutt          |     7 |     2 ||     9
       Touch             |     6 |     3 ||     9
       Punch             |       |     2 ||     2
 Cast: Beastly Appendage |    17 |     1 ||    18
       Spider Form       |     1 |       ||     1
  Use: Scroll            |     6 |       ||     6
 Stab: Distracted        |     1 |       ||     1
Armor: Robe              |    20 |       ||    20
       Skin              |     1 |       ||     1
Dodge: Dodged            |    77 |     5 ||    82

Table legend: (Time is in decaauts)
 A = Elapsed time spent in this place.
 B = Non-inter-level travel time spent in this place.
 C = Inter-level travel time spent in this place.
 D = Time resting spent in this place.
 E = Time spent auto-exploring this place.
 F = Levels seen in this place.
 G = Mean time per level.
                   A        B        C        D        E       F      G
               +--------+--------+--------+--------+--------+-----+--------+
         Total |   1927 |   1897 |     30 |     39 |   1587 |   2 |  963.5 |
       Dungeon |   1927 |   1897 |     30 |     39 |   1587 |   2 |  963.5 |
               +--------+--------+--------+--------+--------+-----+--------+

Top non-repeatable levels by time:
     D:1: 1480 daAuts
     D:2: 447 daAuts
